 Dungeon Crawl Stone Soup version 0.19-a0-1895-g783e625 (console) character file.

396 ChaseSP the Spear-Bearer (level 6, 0/44 HPs)
             Began as a Merfolk Gladiator on Oct 18, 2016.
             Slain by daryashkoh's ghost (1 damage)
             ... on level 4 of the Dungeon.
             The game lasted 00:07:26 (2821 turns).

ChaseSP the Spear-Bearer (Merfolk Gladiator)        Turns: 2821, Time: 00:07:26

Health: 0/44       AC:  9    Str: 16    XL:     6   Next: 82%
Magic:  3/6        EV: 13    Int:  7    God:
Gold:   210        SH:  0    Dex: 16    Spells: 0 memorised, 5 levels left

rFire  . . .     SeeInvis .     w - -3 trident (curse)
rCold  . . .     Gourm    .     h - +0 ring mail
rNeg   . . .     Faith    .     (no shield)
rPois  .         Spirit   .     c - +1 helmet
rElec  .         Reflect  .     (no cloak)
rCorr  .         Harm     .     p - +1 pair of gloves {archery}
MR     .....                    (no boots)
Stlth  +.........               q - amulet of regeneration
                                (no ring)
                                (no ring)

@: lethally poisoned (0 -> 0), very slightly contaminated, hasted, drained, very
quick
A: change form in water, swift swim, stealthy swim
a: no special abilities


You were on level 4 of the Dungeon.
You were not hungry.

You visited 1 branch of the dungeon, and saw 4 of its levels.

You collected 210 gold pieces.

Inventory:

Hand Weapons
 a - a +1 trident
 w - a cursed -3 trident (weapon)
Missiles
 d - 2 throwing nets (quivered)
Armour
 b - a +0 leather armour
 c - a +1 helmet (worn)
 h - a +0 ring mail (worn)
 p - a +1 pair of gloves of archery (worn)
Jewellery
 q - an amulet of regeneration (around neck)
 z - a cursed amulet of inaccuracy {unknown}
Wands
 v - a wand of confusion (18/48)
 y - a wand of lightning (3/15)
Scrolls
 e - a scroll of enchant armour
 m - 2 scrolls of identify
 o - a scroll of random uselessness
 x - a scroll of enchant weapon
Potions
 g - a potion of flight {unknown}
 i - 2 potions of agility {unknown}
 j - a potion of might {unknown}
 l - 2 potions of degeneration {unknown}
 n - 2 potions of haste {unknown}
 r - 2 potions of mutation {unknown}
 t - a potion of cure mutation {unknown}
 A - a potion of heal wounds {unknown}
 B - a potion of brilliance {unknown}
Comestibles
 f - 4 bread rations
 k - 13 fruits
 s - 2 slices of pizza
 u - a beef jerky


   Skills:
 - Level 2.1(1.9) Fighting
 + Level 10.5(10.3) Polearms
 - Level 2.0(1.7) Throwing
 - Level 4.0(3.7) Dodging


You had 5 spell levels left.
You didn't know any spells.

Dungeon Overview and Level Annotations

Branches:
Dungeon (4/15)
 Temple: D:4-7

Altars:

Annotations:
D:4 daryashkoh's ghost, novice DsCK


Message History

You feel yourself speed up.
You are very lightly contaminated with residual magic.
You are too injured to fight recklessly!
You are too injured to fight recklessly!
You are too injured to fight recklessly!
You are too injured to fight recklessly!
You are too injured to fight recklessly!
You barely miss daryashkoh's ghost.
Daryashkoh's ghost is almost destroyed.
Daryashkoh's ghost hits you!
* * * LOW HITPOINT WARNING * * *
Daryashkoh's ghost freezes you.
* * * LOW HITPOINT WARNING * * *
You hit daryashkoh's ghost but do no damage.
Daryashkoh's ghost is almost destroyed.
You barely miss daryashkoh's ghost.
Daryashkoh's ghost is almost destroyed.
* * * LOW HITPOINT WARNING * * *
You feel sick. Daryashkoh's ghost hits you.
You die...

#..#.......'..#############...
#..#.......####........#..#...
#..#......<............#..#...
#..#...................#..'...
#####'#...................'..#...
..........................####...
..............##'##########..####
..............#...#............'.
..............#.@.#............#.
..............##W##'#############
.................................
.......#######...................
.......# #...................
.......# #............(....(.
.......#.....#...................
.......+.....#...................
.......#.....#####......##'#####.


You could see daryashkoh's ghost.

Vanquished Creatures
  An ogre (D:4)
  3 hounds (D:4)
  An orc priest (D:3)
  An orc wizard (D:3)
  An iguana (D:4)
  7 adders
  An ooze (D:3)
  A worm (D:2)
  5 orcs
  4 giant cockroaches
  5 goblins
  12 hobgoblins
  3 jackals (D:2)
  6 kobolds
  2 quokkas
  A ball python (D:4)
  4 bats (D:3)
  2 frilled lizards (D:3)
  A quokka skeleton (D:4)
  6 rats (D:1)
67 creatures vanquished.

Notes
Turn   | Place    | Note
-------+----------+-------------------------------------------
     0 | D:1      | ChaseSP the Merfolk Gladiator began the quest for the Orb.
     0 | D:1      | Reached XP level 1. HP: 16/16 MP: 1/1
   127 | D:1      | Reached skill level 5 in Polearms
   148 | D:1      | Reached XP level 2. HP: 22/22 MP: 2/2
   231 | D:1      | Upgraded the game from 0.19-a0-1889-g9c603be to 0.19-a0-1895-g783e625
   663 | D:2      | Reached skill level 6 in Polearms
   663 | D:2      | Reached XP level 3. HP: 27/27 MP: 3/3
  1217 | D:2      | Reached skill level 7 in Polearms
  1217 | D:2      | Reached XP level 4. HP: 28/33 MP: 4/4
  1813 | D:3      | Reached skill level 8 in Polearms
  1845 | D:3      | Reached XP level 5. HP: 38/38 MP: 5/5
  2296 | D:4      | Noticed daryashkoh's ghost (novice DsCK)
  2365 | D:4      | Noticed an ogre
  2378 | D:4      | Killed an ogre
  2378 | D:4      | Reached skill level 9 in Polearms
  2378 | D:4      | Reached XP level 6. HP: 44/44 MP: 6/6
  2541 | D:4      | Reached skill level 10 in Polearms
  2819 | D:4      | HP: 2/44 [daryashkoh's ghost (2)]
  2821 | D:4      | Slain by daryashkoh's ghost

Vault maps used:
D:1:      matt_arrival_grand_opening
D:2:      serial_corexii_hall, corexii_hall_statues_u, corexii_hall_statues_t,
          minmay_misc_feat_plants
D:3:      first_bread, guppyfry_early_lair_pool

Skill      XL: |  1  2  3  4  5  6 |
---------------+-------------------+-----
Polearms       | 5 6 7 8 9 10 | 10.5
Fighting       | |  2.1
Throwing       | |  2.0
Dodging        | |  4.0

Action                   |  1- 3 |  4- 6 || total
-------------------------+-------+-------++-------
Melee: Trident           |   110 |   197 ||   307
Throw: Throwing net      |       |     4 ||     4
Evoke: Wand              |       |     1 ||     1
  Use: Scroll            |       |     6 ||     6
 Stab: Held in net/web   |       |     2 ||     2
  Eat: Chunk             |     1 |     5 ||     6
Armor: Ring mail         |    17 |    47 ||    64
       Leather armour    |     1 |       ||     1
Dodge: Dodged            |    55 |   107 ||   162
